 Dungeon Crawl Stone Soup version 0.30.0 (webtiles) character file.

Game seed: 10042349039641754161

74 Dani the Chopper (level 4, 25/35 HPs)
             Began as a Demonspawn Fighter on May 20, 2023.
             Was an Initiate of Trog.
             Quit the game on level 4 of the Dungeon.
             The game lasted 00:02:37 (1816 turns).

Dani the Chopper (Demonspawn Fighter)               Turns: 1816, Time: 00:02:38

Health: 25/35      AC:  7    Str: 16    XL:     4   Next: 10%
Magic:  4/4        EV:  8    Int: 12    God:    Trog [......]
Gold:   121        SH:  4    Dex: 12    Spells: 3/3 levels left

rFire   . . .        a - +0 war axe (venom)
rCold   . . .        c - +0 buckler
rNeg    . . .        b - +0 scale mail
rPois   .            (no helmet)
rElec   .            (no cloak)
rCorr   .            (no gloves)
SInv    .            (no boots)
Will    .....        y - amulet of regeneration Stlth
                     (no ring)
HPRegen 0.25/turn    (no ring)
MPRegen 0.09/turn

%: no passive effects
@: no status effects
A: powered by pain 1, sharp scales 1
a: Renounce Religion


You were on level 4 of the Dungeon.
You worshipped Trog.
Trog was noncommittal.
You visited 1 branch of the dungeon, and saw 4 of its levels.

You collected 121 gold pieces.

Inventory:

Hand Weapons
 a - a +0 war axe of venom (weapon)
Armour
 b - a +0 scale mail (worn)
 c - a +0 buckler (worn)
Jewellery
 j - a +6 ring of strength
   (You found it on level 1 of the Dungeon)
 y - an amulet of regeneration (around neck)
   (You found it on level 4 of the Dungeon)
Scrolls
 f - a scroll of vulnerability
 M - a scroll of magic mapping
 R - a scroll of identify {@r1}
Potions
 d - a potion of might
 e - a potion of lignification
 g - a potion of invisibility {unknown}
 i - a potion of curing {unknown}


   Skills:
 - Level 3.0 Fighting
 + Level 4.0 Axes
 - Level 2.6 Armour
 - Level 2.6 Shields


You had 3 spell levels left.
You didn't know any spells.
Your spell library contained the following spells:

 Spells                   Type           Power      Damage    Failure   Level
 Apportation              Tloc           0%         N/A       83%         1
 Alistair's Intoxication  Tmut/Pois      0%         N/A       100%        5


Dungeon Overview and Level Annotations

Branches:
Dungeon (4/15)
 Temple: D:4-7

Altars:
Trog

Annotations:
D:3 Sigmund


Innate Abilities, Weirdness & Mutations

You sometimes gain a little power by taking damage.
You are partially covered in razor-sharp scales. (AC +1, Slay +1)


Message History

It was a scroll of poison.
You climb downwards.
Level annotation: Sigmund
There is a stone staircase leading up here.
An endoplasm comes into view.
The endoplasm quivers.
An endoplasm is nearby!
An adder comes into view.
Found 5 gold pieces.
The adder hisses angrily.
You block the endoplasm's attack.
You hit the adder.
The adder is poisoned.
The adder is lightly wounded.
You hit the endoplasm.
You kill the endoplasm!
Trog accepts your kill. You block the adder's attack.
The adder bites you but does no damage.
You closely miss the adder.
The adder is moderately wounded.
The adder closely misses you.
You hit the adder.
The adder is almost dead.
You kill the adder!
Trog accepts your kill.
No target in view!
No target in view!
No target in view!
Found a stone staircase leading up.
You now have 78 gold pieces (gained 5).
You now have 90 gold pieces (gained 12).
Key pressed, stopping explore.
Found a stone staircase leading down.
M - a scroll of magic mapping
h - a scroll labelled VET ARURER
k - a scroll labelled SUEMAH YRALA
Found an escape hatch in the ceiling.
l - a scroll labelled ADURIU ZURPHIUCS Key pressed, stopping explore.
Found a mace.
Found a leather armour.
Found a stone staircase leading down.
You now have 104 gold pieces (gained 14).
You now have 121 gold pieces (gained 17).
An orc wizard comes into view. It is wielding a +0 dagger.
You see here a +0 mace.
You see here a +0 leather armour.
Found an inky potion.
There is a stone staircase leading down here.
You climb downwards.
There is a stone staircase leading up here.
As you read the scroll labelled VET ARURER, it crumbles to dust.
The scroll dissolves into smoke.
It was a scroll of fog.
As you read the scroll labelled SUEMAH YRALA, it crumbles to dust.
Your body is wracked with pain!
* * * LOW HITPOINT WARNING * * *
It was a scroll of torment.
As you read the scroll labelled ADURIU ZURPHIUCS, it crumbles to dust.
You feel strangely unstable.
It was a scroll of teleportation.
Your surroundings suddenly seem different.
Found a dented fluorescent amulet.
HP restored.
Key pressed, stopping explore.
y - an amulet of regeneration An adder comes into view.
Found a stone staircase leading down.
The adder hisses angrily.
You start putting on your amulet.
You continue putting on your amulet of regeneration.
The adder bites you.
Keep equipping yourself? [Y]es or [N]o only, please.
Keep equipping yourself?
You are poisoned.
The adder poisons you!
You continue putting on your amulet of regeneration.
You feel sick. You block the adder's attack.
You continue putting on your amulet of regeneration.
You feel sick. You block the adder's attack.
The adder bites you but does no damage.
You continue putting on your amulet of regeneration.
You feel sick. The adder barely misses you.
You continue putting on your amulet of regeneration.
You feel sick. The adder barely misses you.
You finish putting on your amulet of regeneration.
The amulet cannot attune itself to your injured body.
y - an amulet of regeneration (around neck)
You slash the adder!
The adder is poisoned.
The adder is almost dead.
You feel sick.
You are no longer poisoned.
The adder bites you. The adder closely misses you.
You hit the adder.
The adder looks as sick as possible!
The adder is almost dead.
You kill the adder!
Trog accepts your kill.
Your Axes skill increases to level 4!
You have reached level 4!
You feel clever.
Your demonic ancestry asserts itself...
Sharp scales grow over part of your body.
Are you sure you want to abandon this character and quit the game? (Confirm with "yes".)

#.# #.# #.# #.###
##########...#
#............#
#.......####.#
#.......####.#####...
#.........##.@†......
#.......#.##..####>..
#................
#..........#..##
######.##.###.#
#.##..#..# #.####..##
## #.# #......# .#
#.. ...#####


There were no monsters in sight!

Vanquished Creatures
  2 adders
  3 dart slugs (D:1)
  10 endoplasms
  A giant cockroach (D:1)
  A goblin (D:2)
  7 hobgoblins
  3 kobolds
  4 quokkas
  5 ball pythons
  7 bats
  3 frilled lizards
  A rat (D:1)
47 creatures vanquished.

Notes
Turn   | Place    | Note
-------+----------+-------------------------------------------
     0 | D:1      | Dani the Demonspawn Fighter began the quest for the Orb.
     0 | D:1      | Reached XP level 1. HP: 18/18 MP: 1/1
    70 | D:1      | Reached skill level 2 in Axes
   130 | D:1      | Gained mutation: You sometimes gain a little power by
                  | taking damage. [demonic ancestry]
   130 | D:1      | Reached XP level 2. HP: 24/24 MP: 2/2
   425 | D:1      | Reached skill level 3 in Axes
   456 | D:1      | Reached XP level 3. HP: 25/29 MP: 3/3
   962 | D:2      | Found a bloodstained altar of Trog.
   971 | D:2      | Became a worshipper of Trog the Wrathful
  1603 | D:3      | Noticed Sigmund
  1816 | D:4      | Reached skill level 4 in Axes
  1816 | D:4      | Gained mutation: You are partially covered in razor-sharp
                  | scales. (AC +1, Slay +1) [demonic ancestry]
  1816 | D:4      | Reached XP level 4. HP: 25/35 MP: 4/4
  1816 | D:4      | Quit the game

Illustrated notes

Levels and vault maps discovered:
D:1:      psy_arrival_heroes, layout_loops_ring, chequers_serial_rivers_marsh,
          st_stairs_9
D:2:      layout_basic, basic_altar
D:3:      layout_rooms, vehumet_altar_wand_db, chequers_serial_rivers_large_a,
          uniq_sigmund
D:4:      minmay_wonky_spiral, layout_loops_cross, lemuel_temple_firewalk_a

Skill      XL: |  1  2  3 |
---------------+----------+-----
Axes           | 2 3 4 |  4.0
Fighting       | |  3.0
Armour         | |  2.6
Shields        | |  2.6

Action                     |  1- 3 |  4- 6 || total
---------------------------+-------+-------++-------
  Melee: War axe           |    98 |       ||    98
    Use: Scroll            |     8 |       ||     8
 Armour: Scale mail        |    46 |       ||    46
  Dodge: Dodged            |    39 |       ||    39
  Block: Buckler           |    21 |       ||    21

Levels and vault maps discovered:
D:1:      psy_arrival_heroes, layout_loops_ring, chequers_serial_rivers_marsh,
          st_stairs_9
D:2:      layout_basic, basic_altar
D:3:      layout_rooms, vehumet_altar_wand_db, chequers_serial_rivers_large_a,
          uniq_sigmund
D:4:      minmay_wonky_spiral, layout_loops_cross, lemuel_temple_firewalk_a

Table legend: (Time is in decaauts)
 A = Elapsed time spent in this place.
 B = Non-inter-level travel time spent in this place.
 C = Inter-level travel time spent in this place.
 D = Time resting spent in this place.
 E = Time spent auto-exploring this place.
 F = Levels seen in this place.
 G = Mean time per level.
                   A        B        C        D        E       F      G
               +--------+--------+--------+--------+--------+-----+--------+
         Total |   1855 |   1755 |    100 |      0 |   1446 |   4 |  463.8 |
       Dungeon |   1855 |   1755 |    100 |      0 |   1446 |   4 |  463.8 |
               +--------+--------+--------+--------+--------+-----+--------+

Top non-repeatable levels by time:
     D:2: 857 daAuts
     D:1: 840 daAuts
     D:4: 82 daAuts
     D:3: 75 daAuts

Table legend:
 A = Kills in this place as a percentage of kills in the entire game.
 B = Kills by you in this place as a percentage of kills by you in the entire game.
 C = Kills by friends in this place as a percentage of kills by friends in the entire game.
 D = Other kills in this place as a percentage of other kills in the entire game.
 E = Experience gained in this place as a percentage of experience gained in the entire game.
 F = Experience gained in this place divided by the number of levels of this place that you have seen.
                   A       B       C       D       E      F
               +-------+-------+-------+-------+-------+----------------------
         Total | 100.0 | 100.0 |   N/A |   N/A | 100.0 |  26.8
       Dungeon | 100.0 | 100.0 |   N/A |   N/A | 100.0 |  26.8
               +-------+-------+-------+-------+-------+----------------------
